 Dungeon Crawl Stone Soup version 0.27-a0-96-gb51a1d6fd6 (webtiles) character file.

Game seed: 10872234216048278761

133175 Essalna the Eclecticist (level 16, -5/104 HPs)
             Began as a Deep Elf Air Elementalist on Jan 20, 2021.
             Was a High Priest of Vehumet.
             Slain by a deep elf blademaster
             ... wielding a +0 rapier
              (22 damage)
             ... on level 3 of the Elven Halls.
             The game lasted 01:50:06 (41865 turns).

Essalna the Eclecticist (DEAE)                     Turns: 41865, Time: 01:50:07

Health: -5/104     AC: 12    Str:  5    XL:     16   Next: 59%
Magic:  2/48       EV: 23    Int: 28    God:    Vehumet [*****.]
Gold:   449        SH:  6    Dex: 15    Spells: 22/49 levels left

rFire    + . .     SeeInvis +   J - staff of air
rCold    . . .     Faith    .   y - +1 buckler {reflect}
rNeg     . . .     Spirit   .   H - +2 robe {rF+}
rPois    .         Reflect  +   g - +0 mask of the Dragon {Will+ Slay+3 SInv}
rElec    +         Harm     .   N - scarf {repulsion}
rCorr    .         Rampage  .   j - +2 pair of gloves
Will     ++...                  o - +0 pair of boots
Stlth    ++........             E - amulet of regeneration
HPRegen  0.67/turn              K - ring of magical power
MPRegen  0.31/turn              D - +4 ring of protection

@: about to teleport, repel missiles
A: no striking features
a: Renounce Religion


You were on level 3 of the Elven Halls.
You worshipped Vehumet.
Vehumet was extremely pleased with you.
You visited 4 branches of the dungeon, and saw 24 of its levels.
You visited 1 bazaar.

You collected 3251 gold pieces.
You spent 2802 gold pieces at shops.

Inventory:

Armour
 g - the +0 mask of the Dragon (worn) {Will+ Slay+3 SInv}
   (You bought it in a shop in a bazaar)

   It affects your accuracy and damage with ranged weapons and melee attacks
   (+3).
   It affects your willpower, your defense against some magical effects.
   It lets you see invisible.
 j - a +2 pair of gloves (worn)
 o - a +0 pair of boots (worn)
 y - a +1 buckler of reflection (worn)
 A - a +1 robe of cold resistance
 B - a +0 helmet
 H - a +2 robe of fire resistance (worn)
 N - a scarf of repulsion (worn)
 U - a +2 leather armour of poison resistance
 X - a +0 troll leather armour
 Y - a +2 robe
Magical Staves
 G - an uncursed staff of earth
 J - an uncursed staff of air (weapon)
 V - an uncursed staff of fire {unknown}
Jewellery
 a - a +4 ring of evasion
 m - an uncursed ring of see invisible
 n - an uncursed ring of resist corrosion
 w - an uncursed ring of ice
 D - a +4 ring of protection (right hand)
 E - an amulet of regeneration (around neck)
 K - a ring of magical power (left hand)
 L - an uncursed ring of poison resistance {unknown}
 R - an uncursed ring of protection from cold
 T - an uncursed ring of stealth {unknown}
Scrolls
 b - 5 scrolls of amnesia
 c - 5 scrolls of enchant weapon
 e - 13 scrolls of remove curse
 f - 3 scrolls of magic mapping
 h - 7 scrolls of immolation
 k - 4 scrolls of enchant armour
 p - 5 scrolls of teleportation
 t - a scroll of brand weapon {unknown}
 v - 4 scrolls of fog
 O - 16 scrolls of identify
 W - 2 scrolls of fear
Potions
 d - 4 potions of flight
 i - 3 potions of haste
 l - 3 potions of might
 q - 3 potions of heal wounds
 s - 17 potions of curing
 u - 4 potions of brilliance
 x - a potion of invisibility
 C - a potion of resistance
 F - 2 potions of ambrosia
 P - a potion of magic {unknown}
 S - 4 potions of cancellation


   Skills:
 + Level 13.0 Fighting
 - Level 4.0 Armour
 - Level 15.0 Dodging
 - Level 2.4 Stealth
 - Level 4.0 Shields
 - Level 17.4 Spellcasting
 - Level 2.0 Conjurations
 + Level 16.3 Air Magic


You had 22 spell levels left.
You knew the following spells:

 Your Spells              Type           Power        Failure   Level
a - Shock                 Conj/Air       100%         1%          1
b - Swiftness             Air            100%         0%          2
c - Airstrike             Air            54%          0%          4
d - Lightning Bolt        Conj/Air       42%          1%          5
e - Conjure Ball Lightni  Conj/Air       42%          1%          6
f - Tornado               Air            54%          50%         9

Your spell library contained the following spells:

 Spells                   Type           Power        Failure   Level
 Lehudib's Crystal Spear  Conj/Erth      15%          100%        8
 Animate Skeleton         Necr           48%          1%          1
 Magic Dart               Conj           100%         1%          1
 Pain                     Necr           96%          1%          1
 Sting                    Tmut/Pois      96%          1%          1
 Poisonous Vapours        Pois/Air       100%         1%          2
 Searing Ray              Conj           70%          1%          2
 Conjure Flame            Conj/Fire      30%          1%          3
 Dazzling Flash           Conj/Hex       60%          1%          3
 Ignite Poison            Fire/Tmut/Pois 24%          1%          3
 Mephitic Cloud           Conj/Pois/Air  73%          1%          3
 Static Discharge         Conj/Air       85%          1%          3
 Summon Lightning Spire   Summ/Air       81%          1%          4
 Silence                  Hex/Air        40%          1%          5
 Fulminant Prism          Conj/Hex       15%          3%          4
 Iskenderun's Mystic Bla  Conj/Tloc      30%          3%          4
 Vampiric Draining        Necr           12%          5%          3
 Olgreb's Toxic Radiance  Pois           24%          5%          4
 Freezing Cloud           Conj/Ice/Air   36%          7%          6
 Bolt of Magma            Conj/Fire/Erth 14%          11%         5
 Animate Dead             Necr           12%          19%         4
 Ice Form                 Ice/Tmut       24%          19%         4
 Leda's Liquefaction      Hex/Erth       12%          19%         4
 Iron Shot                Conj/Erth      15%          41%         6
 Agony                    Necr           24%          45%         5
 Metabolic Englaciation   Hex/Ice        12%          45%         5
 Summon Demon             Summ           12%          45%         5
 Ozocubu's Refrigeration  Ice            12%          54%         6
 Simulacrum               Ice/Necr       12%          96%         6
 Statue Form              Tmut/Erth      16%          96%         6
 Shatter                  Erth           12%          100%        9


Dungeon Overview and Level Annotations

Branches:
Dungeon (13/15)            Temple (0/1) D:7            Lair (6/6) D:8
  Swamp (0/4) Lair:2        Snake (0/4) Lair:2        Slime (0/5) Lair:6
    Orc (2/2) D:12            Elf (3/3) Orc:2        Vaults (0/5) D:13

Altars:
Ashenzari
Dithmenos
Fedhas
Kikubaaqudgha
Nemelex Xobeh
Okawaru
Sif Muna
Vehumet
Wu Jian
Jiyva

Shops:
D:11 (   Orc:2 :?[*   Elf:1 *   Elf:2 (!(

Portals:
Abyss: Lair:5

Annotations:
Lair:5 2 transporters, Beaer's ghost, journeyman VSBr


Message History

The deep elf blademaster completely misses you.
Casting: Airstrike (safe; 0% risk of failure)
Confirm with . or Enter, or press ? or * to list all spells.
You don't have enough magic to cast that spell.
Unknown command.
As you read the scroll of fear, it crumbles to dust.
You assume a fearsome visage.
The deep elf blademaster resists with almost no effort.
The deep elf elementalist easily resists.
The deep elf blademaster hits you but does no damage.
The deep elf blademaster hits you with a +0 rapier!
As you read the scroll of teleportation, it crumbles to dust.
You feel strangely unstable.
The deep elf blademaster hits you with a +0 rapier!
* * * LOW HITPOINT WARNING * * *
The deep elf blademaster hits you with a +0 rapier!
* * * LOW HITPOINT WARNING * * *
The deep elf blademaster barely misses you.
The deep elf blademaster hits you with a +0 rapier!!
You die...

####+####
#<......#
##..)....##
#.........#
##.........##
#...[.......###
#.....)....ee@#
#.......)<..###
##.......).##
#.........# #
##'.......##
####.#....)..#
.##.##########
..'## P..##


You could see a deep elf blademaster and a deep elf elementalist (fast, repels
missiles).

Vanquished Creatures
  Kirke (Lair:5)
  A deep elf sorcerer (Elf:3)
  2 deep elf elementalists (Elf:3)
  Azrael (Elf:2)
  A deep elf demonologist (Elf:3)
  2 deep elf annihilators
  2 deep elf death magi
  A deep elf high priest (Elf:3)
  Josephine (D:10)
  Erolcha (Orc:1)
  A boulder beetle (Lair:3)
  Fannar (D:11)
  2 centaur warriors
  6 hydras
  The ghost of Tessuop the Grappler, a journeyman VSFi of Cheibriados (Lair:4)
  6 two-headed ogres
  6 death yaks
  26 dancing weapons
  Urug (Orc:1)
  A queen ant (D:11)
  Nergalle (D:11)
  15 deep elf knights
  Sonja (Lair:4)
  3 skeletal warriors (D:12)
  2 unseen horrors (D:13)
  An orange crystal statue (Elf:3)
  5 deep elf archers
  3 orc knights
  44 deep elf magi
  2 necromancers
  A cyclops (D:13)
  3 oklob plants (Lair:2)
  An orc sorcerer (Orc:2)
  A wolf spider (Lair:6)
  A cyclops (shapeshifter) (Elf:3)
  A guardian serpent (Lair:6)
  11 elephants
  A torpor snail (Lair:3)
  6 black mambas
  14 cane toads
  6 komodo dragons
  A rime drake (Lair:2)
  4 trolls
  4 hornets
  4 blink frogs
  4 dream sheep
  An air elemental (Elf:1)
  Sigmund (D:5)
  A shadow (D:11)
  13 wyverns
  3 redbacks (Lair:6)
  A hog (Lair:5)
  6 water elementals
  6 wraiths
  35 yaks
  3 fire elementals (Elf:2)
  Grum (D:10)
  2 vampire mosquitoes (D:13)
  2 basilisks
  2 steam dragons
  4 nagas (Lair:2)
  23 wargs
  A soldier ant (shapeshifter) (D:13)
  3 soldier ants (D:11)
  44 water moccasins
  6 hell hounds (Elf:2)
  3 hornet zombies
  2 ice beasts
  5 sky beasts
  Purgy (D:4)
  40 orc warriors
  An eye of draining (D:10)
  2 black bears
  2 necrophages
  2 phantoms
  10 ogres
  22 wolves
  17 centaurs
  A big kobold (D:6)
  21 bullfrogs
  2 earth elementals
  2 wyvern skeletons
  3 scorpions
  4 troll zombies (D:12)
  7 killer bees
  17 wights
  A howler monkey (D:10)
  12 electric eels
  3 centaur zombies
  5 bullfrog skeletons
  21 orc priests
  6 hounds
  11 jellies
  A bullfrog zombie (D:9)
  4 centaur skeletons
  3 gnoll shamans
  28 orc wizards
  5 iguanas
  4 polar bear simulacra (Lair:2)
  19 worker ants
  3 yak simulacra (Lair:2)
  3 wolf simulacra (Lair:2)
  4 ogre zombies (D:12)
  A hound zombie (D:8)
  2 hound skeletons
  2 mummies (D:9)
  4 worker ant zombies
  A howler monkey skeleton (D:4)
  20 adders
  16 gnolls
  3 shadow imps
  A white imp (D:9)
  2 ufetubi
  3 oozes (Lair:6)
  2 adder skeletons (D:9)
  5 dart slugs
  A leopard gecko (D:4)
  106 orcs
  2 ball pythons (D:1)
  4 giant cockroaches
  4 goblins
  7 hobgoblins
  4 jackals (D:8)
  2 quokkas
  7 bats
  4 frilled lizards
  A goblin skeleton (D:12)
  3 goblin zombies (D:12)
  2 hobgoblin skeletons (D:12)
  3 hobgoblin zombies (D:12)
  A jackal skeleton (D:4)
  A jackal zombie (D:6)
  23 kobolds
  2 orc skeletons (D:12)
  13 orc zombies (D:12)
  9 rats
  A river rat simulacrum (Lair:2)
921 creatures vanquished.

Vanquished Creatures (others)
  3 humans (Lair:5)
  2 kobolds (D:6)
  46 ball lightnings
  A bush (Lair:4)
  32 fungi
  158 plants
242 creatures vanquished.

Grand Total: 1163 creatures vanquished

Notes
Turn   | Place    | Note
-------+----------+-------------------------------------------
     0 | D:1      | Essalna the Deep Elf Air Elementalist began the quest for
                  | the Orb.
     0 | D:1      | Reached XP level 1. HP: 10/10 MP: 6/6
   241 | D:1      | Reached XP level 2. HP: 15/15 MP: 4/8
   924 | D:1      | Reached XP level 3. HP: 19/19 MP: 8/10
  1383 | D:2      | Found an iron altar of Okawaru.
  2088 | D:3      | Found a radiant altar of Vehumet.
  2156 | D:3      | Reached skill level 4 in Spellcasting
  2314 | D:3      | Reached XP level 4. HP: 24/24 MP: 5/12
  2650 | D:3      | Became a worshipper of Vehumet
  3268 | D:4      | Learned a level 2 spell: Swiftness
  3273 | D:4      | Learned a level 4 spell: Airstrike
  3348 | D:4      | Reached skill level 5 in Spellcasting
  3358 | D:4      | Reached XP level 5. HP: 27/28 MP: 0/14
  3498 | D:4      | Found a shimmering blue altar of Sif Muna.
  3825 | D:4      | Noticed Purgy
  3841 | D:4      | Killed Purgy
  3842 | D:4      | Reached skill level 6 in Spellcasting
  3842 | D:4      | Reached skill level 5 in Air Magic
  3842 | D:4      | Reached XP level 6. HP: 16/32 MP: 9/17
  4295 | D:5      | Entered Level 5 of the Dungeon
  4429 | D:5      | Reached skill level 7 in Spellcasting
  4578 | D:5      | Reached XP level 7. HP: 31/36 MP: 6/19
  4783 | D:5      | Found an ancient bone altar of Kikubaaqudgha.
  4981 | D:5      | Reached skill level 8 in Spellcasting
  5272 | D:5      | Found a broken altar of Ashenzari.
  5337 | D:5      | Found a sparkling altar of Nemelex Xobeh.
  5339 | D:5      | Noticed Sigmund
  5342 | D:5      | Killed Sigmund
  5489 | D:6      | Reached * piety under Vehumet
  5489 | D:6      | Offered knowledge of Foxfire by Vehumet.
  5492 | D:6      | Reached XP level 8. HP: 41/41 MP: 10/22
  5506 | D:6      | Reached skill level 9 in Spellcasting
  5738 | D:5      | Reached skill level 1 in Fighting
  5738 | D:5      | Reached skill level 1 in Armour
  6057 | D:6      | Found a sparkling altar of Nemelex Xobeh.
  6066 | D:6      | You fall into a shaft and drop 1 floor!
  6657 | D:7      | Found a blossoming altar of Fedhas.
  6827 | D:7      | Found a staircase to the Ecumenical Temple.
  6897 | D:6      | Reached XP level 9. HP: 30/49 MP: 11/24
  7386 | D:6      | Reached skill level 10 in Spellcasting
  7457 | D:6      | Reached skill level 5 in Dodging
  7467 | D:6      | Reached ** piety under Vehumet
  7570 | D:6      | Offered knowledge of Sandblast by Vehumet.
  8196 | D:6      | Offered knowledge of Ignite Poison by Vehumet.
  9059 | D:8      | Reached *** piety under Vehumet
  9172 | D:8      | Found a staircase to the Lair.
  9663 | D:8      | Found an ornate altar of the Wu Jian Council.
  9826 | D:8      | Found a blossoming altar of Fedhas.
  9829 | D:8      | Found a shadowy altar of Dithmenos.
 10018 | D:8      | Offered knowledge of Stone Arrow by Vehumet.
 10133 | D:8      | Reached XP level 10. HP: 56/56 MP: 14/26
 10390 | D:8      | Reached skill level 11 in Spellcasting
 10529 | D:8      | Noticed an orc knight
 11350 | D:8      | Killed an orc knight
 11465 | D:8      | Noticed an orc knight
 11484 | D:8      | Killed an orc knight
 11484 | D:8      | Reached **** piety under Vehumet
 11485 | D:8      | Reached skill level 5 in Fighting
 12028 | D:8      | Offered knowledge of Hailstorm by Vehumet.
 12055 | D:8      | Reached skill level 12 in Spellcasting
 13010 | D:9      | Reached XP level 11. HP: 64/64 MP: 21/29
 14137 | Lair:1   | Entered Level 1 of the Lair of Beasts
 14297 | Lair:1   | Got a warped scale mail
 14298 | Lair:1   | Identified the +2 scale mail of Lust {Regen+ Stlth+} (You
                  | found it on level 1 of the Lair of Beasts)
 14470 | Lair:1   | Reached skill level 10 in Air Magic
 14612 | Lair:1   | Noticed a five-headed hydra
 14617 | Lair:1   | Killed a five-headed hydra
 15774 | Lair:2   | Found a staircase to the Snake Pit.
 15960 | Lair:2   | Found a staircase to the Swamp.
 16210 | Lair:2   | Reached skill level 13 in Spellcasting
 16338 | Lair:2   | Reached ***** piety under Vehumet
 16643 | Lair:2   | Reached skill level 10 in Dodging
 16683 | Lair:2   | Noticed a necromancer
 16686 | Lair:2   | Killed a necromancer
 16686 | Lair:2   | Offered knowledge of Freezing Cloud by Vehumet.
 17145 | Lair:2   | Noticed an oklob plant
 17145 | Lair:2   | Noticed an eight-headed hydra
 17154 | Lair:2   | Killed an eight-headed hydra
 17315 | Lair:2   | Noticed an oklob plant
 17445 | Lair:2   | Killed an oklob plant
 17446 | Lair:2   | Reached XP level 12. HP: 72/72 MP: 12/31
 17858 | Lair:3   | Noticed a boulder beetle
 17866 | Lair:3   | Killed a boulder beetle
 18669 | Lair:3   | Reached skill level 14 in Spellcasting
 20730 | Lair:4   | Found a runed translucent door.
 20744 | Lair:5   | Noticed a death yak
 20744 | Lair:5   | Noticed a death yak
 20766 | Lair:4   | Noticed an eight-headed hydra
 20890 | Lair:4   | Killed an eight-headed hydra
 20936 | Lair:4   | Noticed Sonja
 20938 | Lair:4   | Killed Sonja
 21057 | Lair:4   | Noticed Tessuop's ghost (journeyman VSFi)
 21688 | Lair:4   | Killed Tessuop's ghost
 21689 | Lair:4   | Reached XP level 13. HP: 49/79 MP: 18/33
 21875 | Lair:5   | Found a transporter.
 21963 | Lair:5   | Offered knowledge of Iskenderun's Battlesphere by Vehumet.
 22047 | Lair:5   | Found a one-way gate to the infinite horrors of the Abyss.
 22047 | Lair:5   | Noticed Beaer's ghost (journeyman VSBr)
 22236 | Lair:5   | Reached skill level 15 in Spellcasting
 22347 | Lair:5   | Found a transporter.
 22413 | Lair:5   | Noticed Kirke
 22443 | Lair:5   | Killed Kirke
 24006 | Lair:6   | Entered Level 6 of the Lair of Beasts
 24006 | Lair:6   | Found a runed translucent door.
 24006 | Lair:6   | Found a viscous altar of Jiyva.
 24006 | Lair:6   | Found a staircase to the Slime Pits.
 24891 | Lair:6   | Reached skill level 16 in Spellcasting
 25240 | Lair:6   | Reached XP level 14. HP: 86/86 MP: 36/36
 25627 | Lair:6   | Got an ancient spear
 25818 | Lair:6   | Offered knowledge of Orb of Destruction by Vehumet.
 26656 | D:10     | Entered Level 10 of the Dungeon
 26888 | D:10     | Noticed Grum
 26891 | D:10     | Killed Grum
 27098 | D:10     | Identified the +5 spear of Kutif {flame, +Fly rN++ Str-3
                  | SInv} (You found it on level 6 of the Lair of Beasts)
 27241 | D:10     | Noticed Josephine
 27246 | D:10     | Killed Josephine
 28434 | D:11     | Found Pemneres's Weapon Emporium.
 28547 | D:11     | Noticed Nergalle
 28554 | D:11     | Killed Nergalle
 28555 | D:11     | Reached skill level 10 in Fighting
 28754 | D:11     | Noticed Fannar
 28760 | D:11     | Killed Fannar
 29733 | D:12     | Offered knowledge of Eringya's Noxious Bog by Vehumet.
 30128 | D:12     | Found a staircase to the Orcish Mines.
 31953 | D:12     | Learned a level 5 spell: Lightning Bolt
 32018 | D:13     | Reached skill level 17 in Spellcasting
 32838 | D:13     | Found a gate to the Vaults.
 33009 | Orc:1    | Entered Level 1 of the Orcish Mines
 33126 | Orc:1    | Noticed Urug
 33268 | Orc:1    | Killed Urug
 33270 | Orc:1    | Offered knowledge of Conjure Ball Lightning by Vehumet.
 33278 | Orc:1    | Learned a level 6 spell: Conjure Ball Lightning
 33992 | Orc:2    | Entered Level 2 of the Orcish Mines
 34110 | Orc:1    | Noticed Erolcha
 34364 | Orc:1    | Reached XP level 15. HP: 77/93 MP: 17/38
 35008 | Orc:2    | Found a staircase to the Elven Halls.
 35570 | Orc:2    | Found Jobleriy's Magic Scroll Emporium.
 35570 | Orc:2    | Found Vujuimed's Antique Armour Shop.
 35572 | Orc:2    | Found Arhe's Assorted Antiques.
 35574 | Orc:2    | Found Plog's Book Shoppe.
 35581 | Orc:2    | Bought an embroidered robe for 114 gold pieces
 35581 | Orc:2    | Bought a tattered robe for 176 gold pieces
 35586 | Orc:2    | Bought a book of the Sky for 845 gold pieces
 35596 | Orc:2    | Learned a level 9 spell: Tornado
 35867 | Orc:1    | Killed Erolcha
 36058 | Elf:1    | Entered Level 1 of the Elven Halls
 36264 | Elf:1    | Found Hoka's Assorted Antiques.
 36275 | Elf:1    | Reached skill level 15 in Dodging
 36280 | Elf:1    | Offered knowledge of Irradiate by Vehumet.
 37245 | Elf:1    | Identified Sif Muna's Tome of Supportive Attacks
 38018 | Elf:2    | Found Cutog's Distillery.
 38024 | Elf:2    | Reached skill level 15 in Air Magic
 38182 | Elf:2    | Reached skill level 1 in Shields
 38579 | Elf:2    | Found Botegua's Weapon Boutique.
 38658 | Elf:2    | Found Nehix's General Store.
 38817 | Elf:2    | Found a runed translucent gate.
 38817 | Elf:2    | Found a runed translucent gate.
 39139 | Elf:2    | Found Leno's Antique Weapon Shoppe.
 39209 | Elf:2    | Found a runed translucent gate.
 39239 | Elf:3    | Entered Level 3 of the Elven Halls
 39239 | Elf:3    | Found a gateway to a bazaar.
 39379 | Elf:2    | Reached XP level 16. HP: 101/101 MP: 16/39
 39458 | Elf:2    | Noticed Azrael
 39463 | Elf:2    | Killed Azrael
 39718 | Elf:2    | Offered knowledge of Lehudib's Crystal Spear by Vehumet.
 41062 | Elf:3    | Noticed a Tzitzimitl
 41065 | Elf:3    | Noticed a deep elf master archer
 41391 | Elf:3    | Identified the +6 flail of the Saving Priest {speed, rF+
                  | Stlth+}
 41640 | Bazaar   | Entered a bazaar
 41659 | Bazaar   | Found Dyph's Jewellery Boutique.
 41659 | Bazaar   | Found Oraph's Book Boutique.
 41677 | Bazaar   | Bought a book of the Earth for 650 gold pieces
 41677 | Bazaar   | Bought a book of Ice for 650 gold pieces
 41686 | Bazaar   | Found Xaenirr's Armour Boutique.
 41694 | Bazaar   | Bought the +0 mask of the Dragon {Will+ Slay+3 SInv} for
                  | 367 gold pieces
 41694 | Bazaar   | Found the +0 mask of the Dragon {Will+ Slay+3 SInv}
 41755 | Bazaar   | Found Entef's Armour Shop.
 41853 | Elf:3    | Identified the +9 hand axe of Hihewaig {elec, Dex+2}
 41853 | Elf:3    | Identified the cursed ring of Egaec {Str+4 Int-4}
 41855 | Elf:3    | Noticed a deep elf blademaster
 41865 | Elf:3    | Slain by a deep elf blademaster

Illustrated notes

Levels and vault maps discovered:
D:1:      evilmike_arrival_crescent, layout_basic, minmay_misc_feat_rugged
D:2:      layout_loops_corners, okawaru_metal_pillars_1_2
D:3:      layout_loops_ring, fiery_altar_vehumet
D:4:      layout_loops_cross, minmay_ruined_shrine, uniq_purgy
D:5:      layout_cave_pools, general_overflow_altar, kennysheep_mini,
          columned_hall_lemuel, nemelex_spade_bored_becter, uniq_sigmund
D:6:      kennysheep_kobold_camp, layout_basic, lemuel_doored_altar,
          kennysheep_small_square
D:7:      layout_cave_pools, minmay_temple_entry_ruins, fedhas_ov_isle_minmay
D:8:      lemuel_castle_with_subvaults [lemuel_castle_interior_carwin_2],
          layout_cave_pods, nzn_wu_jian_council_hall, minitemple,
          erik_lair_orcish_takeover
D:9:      layout_stronghold, serial_undead, serial_undead_d, serial_undead_b,
          serial_undead_b, serial_undead_b
D:10:     layout_rooms, uniq_grum, uniq_josephine
D:11:     layout_basic, serial_shops, shop, minmay_another_anthill,
          uniq_nergalle, uniq_fannar
D:12:     layout_gridville, zombieorc2_lemuel, grunt_ministairs_7,
          hangedman_decor_push
D:13:     layout_roguey, david_vaults_4
Lair:1:   layout_cave_pods, grunt_megastairs_5, infiniplex_staircase_pool
Lair:2:   dpeg_oklob_gauntlet, layout_gridlike, minmay_swamp_entry_reptiles,
          minmay_snake_entry_guardpost_small, eino_house_with_fridge
Lair:3:   lemuel_reptile_caves, layout_big_grid, hibernation_bobbens
Lair:4:   layout_hall_layers, ebering_ghost_inner_flame,
          chequers_serial_rivers_micro_a, uniq_sonja
Lair:5:   layout_gridlike, gammafunk_ghost_abyssal_escape, minivault_26,
          uniq_kirke
Lair:6:   hangedman_lair_tendril_chambers, layout_hall_layers, slime_altar_2,
          serial_bayou, serial_bayou_lake_a, serial_bayou_shore_b,
          serial_bayou_lagoon_b, serial_bayou_pond_a,
          infiniplex_staircase_pool_2
Orc:1:    layout_caves, uniq_erolcha, uniq_urug
Orc:2:    st_orc_rangers, layout_caves
Elf:1:    minmay_elf_arrival_circle, layout_loops_ring, serial_shops,
          nicolae_shop_window_shopping, minmay_elf_sorcery,
          nicolae_elf_glass_and_crystal_pillar_2
Elf:2:    layout_loops_cross, serial_shops, shop, shop, nicolae_shop_crystal,
          shop, drop_trap, uniq_azrael
Elf:3:    grunt_elf_hall_spiral, layout_geoelf_diagonals, serial_shops,
          statue_bzr

Skill      XL: |  1  2  3  4  5  6  7  8  9 10 11 12 13 14 15 16 |
---------------+-------------------------------------------------+-----
Conjurations   | 2 |  2.0
Spellcasting   | 4 5 6 7 8 9 10 12 13 14 16 17 | 17.4
Air Magic      | 4 5 6 7 8 9 10 12 13 15 16 | 16.3
Dodging        | 4 6 8 10 11 13 14 15 | 15.0
Fighting       | 2 3 5 7 8 9 10 12 13 | 13.0
Armour         | 2 3 4 |  4.0
Shields        | 3 4 |  4.0
Stealth        | |  2.4

Action                   |  1- 3 |  4- 6 |  7- 9 | 10-12 | 13-15 | 16-18 || total
-------------------------+-------+-------+-------+-------+-------+-------++-------
Melee: Unarmed           |     1 |       |     6 |       |       |       ||     7
       Dagger            |       |       |    44 |    38 |       |       ||    82
       Staff             |       |       |       |    28 |    30 |     3 ||    61
 Cast: Shock             |    80 |    96 |   154 |    45 |    75 |       ||   450
       Airstrike         |       |     3 |   113 |   456 |   898 |   134 ||  1604
       Swiftness         |       |       |     1 |     2 |     4 |     3 ||    10
       Conjure Ball Ligh |       |       |       |       |    18 |     1 ||    19
       Lightning Bolt    |       |       |       |       |     3 |    13 ||    16
       Tornado           |       |       |       |       |       |     1 ||     1
  Use: Potion            |       |     2 |     2 |     1 |       |       ||     5
       Scroll            |       |       |     3 |    18 |    12 |     3 ||    36
Armor: Robe              |     3 |     7 |    18 |    27 |    78 |     3 ||   136
Dodge: Dodged            |     5 |    33 |    98 |   160 |   410 |    37 ||   743
       Repelled          |       |       |       |       |     5 |     2 ||     7
Block: Buckler           |       |       |       |       |     3 |     5 ||     8

Table legend: (Time is in decaauts)
 A = Elapsed time spent in this place.
 B = Non-inter-level travel time spent in this place.
 C = Inter-level travel time spent in this place.
 D = Time resting spent in this place.
 E = Time spent auto-exploring this place.
 F = Levels seen in this place.
 G = Mean time per level.
                   A        B        C        D        E       F      G
               +--------+--------+--------+--------+--------+-----+--------+
         Total |  42021 |  40183 |   1838 |   3320 |  31997 |  25 | 1680.8 |
       Dungeon |  20954 |  20098 |    856 |   1191 |  16707 |  13 | 1611.8 |
          Lair |  12551 |  11947 |    604 |    533 |  10073 |   6 | 2091.8 |
  Orcish Mines |   2854 |   2704 |    150 |    793 |   1450 |   2 | 1427.0 |
   Elven Halls |   5502 |   5276 |    226 |    803 |   3652 |   3 | 1834.0 |
        Bazaar |    157 |    157 |      0 |      0 |    115 |   1 |  157.0 |
               +--------+--------+--------+--------+--------+-----+--------+

Top non-repeatable levels by time:
     D:8: 3718 daAuts
  Lair:3: 2826 daAuts
   Elf:2: 2712 daAuts
  Lair:6: 2560 daAuts
  Lair:2: 2273 daAuts
    D:11: 2255 daAuts
   Elf:1: 2027 daAuts
     D:9: 1811 daAuts
  Lair:4: 1795 daAuts
    D:13: 1781 daAuts
     D:5: 1744 daAuts
    D:12: 1741 daAuts
  Lair:5: 1704 daAuts
     D:6: 1654 daAuts
   Orc:1: 1548 daAuts
